 Dungeon Crawl Stone Soup version 0.26-a0-831-g7192265339 (webtiles) character file.

Game seed: 13551226342835784580

5 jasper the Sneak (level 1, 0/20 HPs)
             Began as a Palentonga Delver on Nov 15, 2020.
             Slain by a frilled lizard (3 damage)
             ... on level 3 of the Dungeon.
             The game lasted 00:00:20 (69 turns).

jasper the Sneak (Palentonga Delver)                  Turns: 69, Time: 00:00:21

Health: 0/20       AC:  4    Str: 15    XL:     1   Next: 66%
Magic:  1/1        EV:  8    Int: 10    God:
Gold:   0          SH:  3    Dex: 11    Spells: 0/0 levels left

rFire    . . .     SeeInvis +   a - +0 hand axe
rCold    . . .     Faith    .   h - +0 buckler
rNeg     . . .     Spirit   .   b - +0 leather armour
rPois    .         Reflect  .   (no helmet)
rElec    .         Harm     .   (no cloak)
rCorr    .         Rampage  .   (no gloves)
MR       .....                  (no barding)
Stlth    ++........             (no amulet)
HPRegen  0.06/turn              (no ring)
MPRegen  0.07/turn              (no ring)

@: no status effects
A: large, rugged brown scales 3, see invisible, deformed body, roll 1, armoured
tail
a: Rolling Charge


You were on level 3 of the Dungeon.
You visited 1 branch of the dungeon, and saw 3 of its levels.

Inventory:

Hand Weapons
 a - a +0 hand axe (weapon)
Armour
 b - a +0 leather armour (worn)
 h - a +0 buckler (worn)
Wands
 g - a wand of digging (3)
Scrolls
 c - a scroll of fog
 d - a scroll of magic mapping
 e - a scroll of fear
 i - a scroll of identify {unknown}
 k - a scroll of enchant armour {unknown}
Potions
 f - a potion of haste
 j - a potion of resistance {unknown}


   Skills:
 - Level 3.0 Fighting
 + Level 2.5 Axes
 - Level 1.5 Dodging
 - Level 3.3 Stealth


You couldn't memorise any spells.
You didn't know any spells.
Your spell library was empty.

Dungeon Overview and Level Annotations

Branches:
Dungeon (5/15)
 Temple: D:4-7

Altars:


Innate Abilities, Weirdness & Mutations

You are completely covered in rugged brown scales. (AC +3, +7% HP)
You have supernaturally acute eyesight. (SInv)
Armour fits poorly on your strangely shaped body.
You can roll at nearby foes to attack.
You have a long armoured tail.


Message History

You miss the frilled lizard. The frilled lizard barely misses you.
You barely miss the frilled lizard. The frilled lizard barely misses you.
You closely miss the frilled lizard. The frilled lizard barely misses you.
You miss the frilled lizard. The frilled lizard bites you.
The frilled lizard closely misses you.
You take 3 damage, and have 8/20 hp.
You closely miss the frilled lizard.
Your tail-slap misses the frilled lizard.
The frilled lizard bites you.
You take 1 damage, and have 7/20 hp.
You miss the frilled lizard. The frilled lizard bites you.
* * * LOW HITPOINT WARNING * * *
You miss the frilled lizard. The frilled lizard misses you.
You miss the frilled lizard.
The frilled lizard bites you but does no damage.
You take 1 damage, and have 6/20 hp.
You closely miss the frilled lizard. The frilled lizard bites you.
* * * LOW HITPOINT WARNING * * *
The frilled lizard bites you.
You die...

#.###########
#...†@llll..#
#########....P#
#....# P.P.#
Pl.# l.## l# ##


You could see a leopard gecko and 3 frilled lizards.

Vanquished Creatures
  A quokka (D:3)
  6 frilled lizards (D:3)
7 creatures vanquished.

Vanquished Creatures (others)
  8 plants (D:3)
8 creatures vanquished.

Grand Total: 15 creatures vanquished

Notes
Turn   | Place    | Note
-------+----------+-------------------------------------------
     0 | D:5      | jasper the Palentonga Delver began the quest for the Orb.
     0 | D:5      | Reached XP level 1. HP: 20/20 MP: 1/1
    26 | D:5      | Noticed a hornet zombie
    69 | D:3      | Slain by a frilled lizard

Illustrated notes

Levels and vault maps discovered:
D:3:      layout_basic, okawaru_altar_gauntlet_db, minmay_hedge_maze,
          grunt_ministairs_3, chequers_serial_rivers_micro_d,
          minmay_lizard_king, uniq_jessica
D:4:      layout_cave_pools, lemuel_round_altar, hangedman_feature_mirror,
          hangedman_decor_points, minmay_misc_feat_doors
D:5:      layout_loops_ring, uniq_pikel, uniq_duvessa, uniq_ijyb

Action                   || total
-------------------------++-------
Melee: Hand axe          ||    26
 Abil: Rolling Charge    ||     2
Armor: Leather armour    ||     6
Dodge: Dodged            ||    12
Block: Buckler           ||     2

Table legend: (Time is in decaauts)
 A = Elapsed time spent in this place.
 B = Non-inter-level travel time spent in this place.
 C = Inter-level travel time spent in this place.
 D = Time resting spent in this place.
 E = Time spent auto-exploring this place.
 F = Levels seen in this place.
 G = Mean time per level.
                   A        B        C        D        E       F      G
               +--------+--------+--------+--------+--------+-----+--------+
         Total |     74 |     70 |      4 |      0 |      6 |   3 |   24.7 |
       Dungeon |     74 |     70 |      4 |      0 |      6 |   3 |   24.7 |
               +--------+--------+--------+--------+--------+-----+--------+

Top non-repeatable levels by time:
     D:3: 33 daAuts
     D:5: 27 daAuts
     D:4: 13 daAuts
